 Dungeon Crawl Stone Soup version 0.31-a0-1603-gbec6b6ccbf (webtiles) character file.

Game seed: 4097411767557036183

14714 Laraso the Impaler (level 11, -6/123 HPs)
             Began as a Green Draconian Berserker on Jan 7, 2024.
             Was a High Priest of Trog.
             Mangled by a vampire (7 damage)
             ... on level 1 of the Lair of Beasts.
             The game lasted 00:13:11 (9848 turns).

Laraso the Impaler (Green Draconian Berserker)      Turns: 9848, Time: 00:13:11

Health: -6/123     AC:  8    Str: 30    XL:     11   Next: 92%
Magic:  3/3        EV: 13    Int:  7    God:    Trog [*****.]
Gold:   325        SH:  0    Dex: 19    Spells: 10/10 levels left

rFire   . . .        a - +5 glaive (antimagic)
rCold   . . .        (shield currently unavailable)
rNeg    . . .        (body armour unavailable)
rPois   +            (helmet restricted)
rElec   +            (no cloak)
rCorr   .            c - +0 pair of gloves
SInv    .            (no boots)
Will    .....        f - amulet of the acrobat Stlth
                     q - +6 ring of dexterity
HPRegen 0.40/turn    y - +6 ring of strength
MPRegen 0.08/turn

%: acrobat
@: berserking, very quick
A: breathe noxious fumes, AC +7, unfitting armour, poison resistance,
cold-blooded, electricity resistance, strong 1
a: Breathe Noxious Fumes, Renounce Religion, Berserk, Trog's Hand, Brothers in
Arms


You were on level 1 of the Lair of Beasts.
You worshipped Trog.
Trog was extremely pleased with you.
You visited 2 branches of the dungeon, and saw 12 of its levels.

You collected 745 gold pieces.
You spent 420 gold pieces at shops.

Inventory:

Hand Weapons
 a - a +5 antimagic glaive (weapon)
 b - a +0 arbalest
 d - a +0 trident
Armour
 c - a +0 pair of gloves (worn)
Jewellery
 f - an amulet of the acrobat (around neck)
 j - a ring of protection from cold
 l - a ring of protection from fire
 q - a +6 ring of dexterity (left hand)
 t - a ring of flight
 y - a +6 ring of strength (right hand)
Wands
 s - a wand of iceblast (18)
 x - a wand of acid (9)
 z - a wand of paralysis (7)
 B - a wand of flame (15)
Scrolls
 e - 3 scrolls of enchant armour
 h - 2 scrolls of vulnerability
 i - 7 scrolls of teleportation
 n - a scroll of butterflies {unknown}
 p - a scroll of fear
 u - 2 scrolls of enchant weapon
 v - a scroll of fog {unknown}
 C - 5 scrolls of poison
 D - a scroll of brand weapon {unknown}
 E - a scroll of amnesia {unknown}
 H - a scroll of immolation {unknown}
Potions
 g - 3 potions of lignification
 m - 8 potions of curing
 o - 2 potions of magic {unknown}
 r - 2 potions of mutation
 w - 4 potions of heal wounds
 A - a potion of attraction {unknown}
 F - 3 potions of might
 G - a potion of haste
 I - a potion of invisibility {unknown}


   Skills:
 - Level 3.2 Fighting
 * Level 19.1 Polearms
 - Level 2.6 Dodging


You had 10 spell levels left.
You didn't know any spells.
Your spell library was empty.

Dungeon Overview and Level Annotations

Branches:
Dungeon (10/15)            Temple (0/1) D:6            Lair (2/5) D:10
  Swamp: Lair:2-3    Shoals: Lair:2-3     Snake: Lair:2-3    Spider: Lair:2-3
    Orc: D:9-12

Altars:
Dithmenos
Elyvilon
Fedhas
Hepliaklqana
Kikubaaqudgha
Nemelex Xobeh
Qazlal
Ru
Uskayaw
Vehumet
Wu Jian
Yredelemnul
Zin
The Shining One

Shops:
D:2 ?   D:7 (   D:9 !


Innate Abilities, Weirdness & Mutations

You can breathe blasts of noxious fumes.
Your lurid green scales are hard. (AC +7)
You cannot fit into any form of body armour.
Your system is resistant to poisons. (rPois)
You are cold-blooded and may be slowed by cold attacks.
You are resistant to electric shocks. (rElec)
Your muscles are strong. (Str +4, Int/Dex -1)


Message History

The two-headed ogre hits you with a +0 giant spiked club! x2
You climb downwards.
Welcome back to the Lair of Beasts!
Reactivating autopickup.
There is a staircase back to the Dungeon here.
A red film seems to cover your vision as you go berserk!
You feel yourself moving faster!
You feel mighty!
You hear some strange, mumbled words.
Deactivating autopickup; reactivate with Ctrl-A.
Something tries to affect you, but you resist.
You slice the two-headed ogre!!
The two-headed ogre is heavily wounded.
The two-headed ogre hits you with a +0 giant spiked club!!
The two-headed ogre hits you but does no damage.
Something hits you. Something bites you.
Something draws strength from your injuries!
You slice the two-headed ogre!!
The two-headed ogre is almost dead.
Something hits you! Something bites you!
* * * LOW HITPOINT WARNING * * *
Something draws strength from your injuries!
You slash the two-headed ogre!
You kill the two-headed ogre!
Trog accepts your kill.
Your Polearms skill increases to level 19!
You hit something. Something hits you!
* * * LOW HITPOINT WARNING * * *
Something barely misses you.
You miss something. You hit something. Something hits you!
* * * LOW HITPOINT WARNING * * *
Something bites you!
* * * LOW HITPOINT WARNING * * *
Something draws strength from your injuries!
You slash something! You miss something. Something barely misses you.
Something bites you!
* * * LOW HITPOINT WARNING * * *
Something draws strength from your injuries!
You miss something. You barely miss something.
Your tail-slap misses something.
Something hits you!
You die...

### #...^....................#.
###.###............#.....#.....#.
.............#..##.#.....#.....#.
.........................#.....#.
.........................#.....#.
.........................P.......
........).......####P...P......#.
.................####....#.....+.
................@{###.....##.P##.
...............)...##............
....................#............
....................#............
......................P#########.
.......[..............## ##.
......................# #..
......................# ##.
......................# #.


There were no monsters in sight!

Vanquished Creatures
  The ghost of justen the Mimic, a journeyman OpSh of Gozag (D:9)
  A two-headed ogre (Lair:1)
  Pikel (D:9)
  2 black mambas (Lair:1)
  An orange demon (D:8)
  2 kobold demonologists (D:9)
  A cane toad (Lair:1)
  5 komodo dragons (Lair:1)
  2 trolls
  A hornet (D:8)
  Grinder (D:5)
  2 wraiths
  17 yaks
  A basilisk (Lair:1)
  A steam dragon (D:6)
  Edmund (D:5)
  2 acid dragons (D:10)
  2 water moccasins
  2 ice beasts
  2 orc warriors
  6 black bears
  3 ogres (D:6)
  The ghost of Ofeo the Sneak, an amateur DrBr (D:4)
  4 centaurs
  4 phantoms
  4 kobold brigands
  Blork the orc (D:6)
  6 bullfrogs
  A gnoll sergeant (D:9)
  5 scorpions
  5 wights
  16 killer bees
  4 howler monkeys
  A bombardier beetle (D:3)
  3 hounds
  3 jellies
  7 orc priests
  A sleepcap (D:7)
  3 iguanas
  11 orc wizards
  Robin (D:4)
  5 gnolls
  9 adders
  A shadow imp (D:8)
  2 white imps
  3 ufetubi
  A ribbon worm (D:3)
  2 dart slugs
  24 orcs
  6 endoplasms
  2 giant cockroaches
  11 goblins
  15 hobgoblins
  9 jackals
  2 quokkas
  6 ball pythons
  8 bats
  4 frilled lizards
  19 kobolds
  5 rats
272 creatures vanquished.

Vanquished Creatures (collateral kills)
  Amaemon (D:8)
  A kobold (D:8)
2 creatures vanquished.

Grand Total: 274 creatures vanquished

Notes
Turn   | Place    | Note
-------+----------+-------------------------------------------
     0 | D:1      | Laraso the Draconian Berserker began the quest for the Orb.
     0 | D:1      | Reached XP level 1. HP: 19/19 MP: 1/1
   145 | D:1      | Reached XP level 2. HP: 26/26 MP: 2/2
   379 | D:1      | Reached skill level 4 in Polearms
   791 | D:2      | Reached XP level 3. HP: 28/31 MP: 3/3
   819 | D:2      | Reached ** piety under Trog
   829 | D:2      | Found a stormy altar of Qazlal.
   902 | D:2      | Found Golog's Magic Scroll Emporium.
   913 | D:2      | Bought a scroll of identify for 20 gold pieces
   913 | D:2      | Bought a scroll of identify for 20 gold pieces
   913 | D:2      | Bought a scroll of identify for 20 gold pieces
  1286 | D:3      | Reached skill level 5 in Polearms
  1286 | D:3      | Reached XP level 4. HP: 38/38 MP: 4/4
  1615 | D:3      | Found a sacrificial altar of Ru.
  1661 | D:3      | Reached XP level 5. HP: 43/45 MP: 5/5
  1725 | D:3      | Reached *** piety under Trog
  1867 | D:3      | Reached skill level 6 in Polearms
  1879 | D:3      | Found a glowing silver altar of Zin.
  1890 | D:3      | Found a radiant altar of Vehumet.
  1930 | D:4      | Noticed Ofeo's ghost (amateur DrBr)
  1930 | D:4      | Found a runed translucent gate.
  1930 | D:4      | Found a runed translucent gate.
  1930 | D:4      | Found a runed translucent gate.
  2182 | D:4      | Reached XP level 6. HP: 34/51 MP: 6/6
  2190 | D:4      | Reached skill level 7 in Polearms
  2268 | D:4      | Noticed Robin
  2399 | D:4      | Killed Robin
  2638 | D:4      | Killed Ofeo's ghost
  2639 | D:4      | Reached skill level 8 in Polearms
  2639 | D:4      | Your scales start taking on a lurid green colour.
  2639 | D:4      | Reached XP level 7. HP: 57/57 MP: 7/7
  2639 | D:4      | Gained mutation: Your system is resistant to poisons.
                  | (rPois) [Green Draconian growth]
  3037 | D:5      | Entered Level 5 of the Dungeon
  3066 | D:5      | Noticed Grinder
  3082 | D:5      | Killed Grinder
  3083 | D:5      | Reached skill level 9 in Polearms
  3141 | D:5      | Reached XP level 8. HP: 63/63 MP: 8/8
  3230 | D:5      | Reached skill level 10 in Polearms
  3483 | D:5      | Noticed Edmund
  3498 | D:5      | Killed Edmund
  3523 | D:5      | Reached skill level 11 in Polearms
  3690 | D:5      | Found a blossoming altar of Fedhas.
  4007 | D:6      | Found a sparkling altar of Nemelex Xobeh.
  4037 | D:6      | Noticed Blork the orc
  4042 | D:6      | Killed Blork the orc
  4046 | D:6      | Reached **** piety under Trog
  4076 | D:6      | Found a staircase to the Ecumenical Temple.
  4120 | D:6      | Reached skill level 12 in Polearms
  4136 | D:6      | Reached XP level 9. HP: 70/70 MP: 9/9
  4182 | D:6      | Found a shadowy altar of Dithmenos.
  4746 | D:7      | Reached skill level 13 in Polearms
  4750 | D:7      | Found a white marble altar of Elyvilon.
  5161 | D:7      | Found Riddoxzy's Antique Weapon Shoppe.
  5169 | D:7      | Gained mutation: You are frail. (-10% HP) [potion of
                  | mutation]
  5170 | D:7      | Lost mutation: You are frail. (-10% HP) [potion of
                  | mutation]
  5170 | D:7      | Gained mutation: You are resistant to electric shocks.
                  | (rElec) [potion of mutation]
  5170 | D:7      | Gained mutation: Your muscles are strong. (Str +4, Int/Dex
                  | -1) [potion of mutation]
  5402 | D:7      | Found a hide-covered altar of Uskayaw.
  5704 | D:7      | Reached skill level 14 in Polearms
  5769 | D:7      | Found an ancient bone altar of Kikubaaqudgha.
  6011 | D:8      | Noticed a troll
  6017 | D:8      | Killed a troll
  6029 | D:8      | Found a basalt altar of Yredelemnul.
  6040 | D:8      | Reached XP level 10. HP: 64/77 MP: 10/10
  6286 | D:8      | Noticed Amaemon
  6286 | D:8      | Noticed an orange demon
  6358 | D:7      | Reached ***** piety under Trog
  6466 | D:8      | Reached skill level 15 in Polearms
  6565 | D:8      | Found an ornate altar of the Wu Jian Council.
  6644 | D:8      | Killed an orange demon
  6651 | D:8      | Killed Amaemon
  7002 | D:9      | Found a glowing golden altar of the Shining One.
  7033 | D:9      | Noticed a sixfirhy
  7226 | D:9      | Reached skill level 16 in Polearms
  7400 | D:9      | Found Camel's Distillery.
  7403 | D:9      | Bought a potion of haste for 120 gold pieces
  7403 | D:9      | Bought 2 potions of heal wounds for 120 gold pieces
  7403 | D:9      | Bought a potion of curing for 36 gold pieces
  7403 | D:9      | Bought a potion of lignification for 36 gold pieces
  7403 | D:9      | Bought a potion of might for 48 gold pieces
  7428 | D:9      | Found a runed translucent gate.
  7428 | D:9      | Found a runed translucent gate.
  7428 | D:9      | Found a runed translucent gate.
  7429 | D:9      | Noticed justen's ghost (journeyman OpSh)
  7458 | D:9      | Noticed Pikel
  7482 | D:9      | Killed Pikel
  7495 | D:9      | Reached XP level 11. HP: 77/82 MP: 11/11
  7500 | D:9      | Reached skill level 17 in Polearms
  7774 | D:9      | Killed justen's ghost
  7834 | D:10     | Entered Level 10 of the Dungeon
  8342 | D:10     | Found a hazy altar of Hepliaklqana.
  8435 | D:10     | Found a staircase to the Lair.
  8449 | D:10     | Noticed a two-headed ogre
  8456 | Lair:1   | Entered Level 1 of the Lair of Beasts
  8660 | Lair:1   | Received a gift from Trog
  8702 | Lair:1   | Reached skill level 18 in Polearms
  9841 | Lair:1   | Killed a two-headed ogre
  9842 | Lair:1   | Reached skill level 19 in Polearms
  9846 | Lair:1   | HP: 1/123 [something (8)]
  9848 | Lair:1   | Mangled by a vampire

Illustrated notes

Levels and vault maps discovered:
D:1:      dpeg_arrival_morbid_curiosity, layout_basic
D:2:      layout_rooms, serial_shops, nicolae_square_shop, basic_altar
D:3:      cheibrodos_pilgrimage, layout_rooms, mainiacjoe_overflow_24_doors,
          mainiacjoe_overflow_large_starburst, wad_rectangle_vault
D:4:      layout_cave_pools, ebering_ghost_rock_garden, serial_glass,
          glass_columns_a, glass_columns_b, glass_columns_b, glass_columns_a,
          glass_columns_b, glass_columns_a, glass_columns_c, glass_columns_a,
          minmay_misc_feat_rows, cheibrodos_gnoll_hut, uniq_robin
D:5:      layout_loops_ring, overflow_temple_1_default,
          hangedman_decor_slide_cut, uniq_edmund, uniq_grinder
D:6:      layout_loops_ring, nemelex_dance_club_becter,
          mainiacjoe_overflow_tiny_flanked, minmay_temple_entry_large_hall,
          uniq_blork_the_orc
D:7:      kennysheep_six_static_rooms, layout_basic, lemuel_round_altar,
          nicolae_overflow_crystal_walls, lemuel_round_altar, serial_shops,
          shop, minmay_a_box_with_orc_wizards_in_it
D:8:      layout_rooms, nzn_wu_jian_council_hall, lemuel_doored_altar,
          uniq_amaemon
D:9:      layout_rooms, amcnicky_altar_gilded, ebering_ghost_rock_garden,
          serial_shops, kennysheep_mini_moat, uniq_pikel
D:10:     layout_roguey, nzn_hepliaklqana_mist_gate, lair_entry_dummy,
          nicolae_trove_entry_columns, hangedman_decor_clover_reticule,
          kennysheep_kite_vault
Lair:1:   layout_chaotic_city, grunt_forest_small_clearing_treed,
          serial_bayou_shore_b
Lair:2:   layout_gridlike, nicolae_snake_entry_warm_welcome,
          chequers_serial_rivers_large_b, cheibrodos_lair_reptile_den

Skill      XL: |  1  2  3  4  5  6  7  8  9 10 11 |
---------------+----------------------------------+-----
Polearms       | 4 5 6 8 9 12 14 16 19 | 19.1
Fighting       | |  3.2
Dodging        | |  2.6

Action                     |  1- 3 |  4- 6 |  7- 9 | 10-12 || total
---------------------------+-------+-------+-------+-------++-------
  Melee: Spear             |   149 |    24 |       |       ||   173
         Tailslap          |    11 |    16 |    33 |    27 ||    87
         Trident           |       |   157 |   242 |       ||   399
         Punch             |       |     3 |     3 |       ||     6
         Glaive            |       |       |    66 |   299 ||   365
 Invoke: Berserk           |       |     2 |       |     3 ||     5
         Trog's Hand       |       |       |     1 |       ||     1
         Brothers in Arms  |       |       |       |     1 ||     1
Ability: Breathe Noxious F |       |       |    26 |    15 ||    41
    Use: Scroll            |     3 |       |     2 |     6 ||    11
         Potion            |       |       |     2 |       ||     2
   Stab: Sleeping          |       |     1 |     4 |     1 ||     6
         Confused          |       |       |    20 |    19 ||    39
         Distracted        |       |       |       |     1 ||     1
 Armour: Skin              |    77 |   110 |   102 |   166 ||   455
  Dodge: Dodged            |    91 |   116 |   127 |   163 ||   497

Table legend: (Time is in decaauts)
 A = Elapsed time spent in this place.
 B = Non-inter-level travel time spent in this place.
 C = Inter-level travel time spent in this place.
 D = Time resting spent in this place.
 E = Time spent auto-exploring this place.
 F = Levels seen in this place.
 G = Mean time per level.
                   A        B        C        D        E       F      G
               +--------+--------+--------+--------+--------+-----+--------+
         Total |   9781 |   9256 |    525 |   1368 |   5961 |  12 |  815.1 |
       Dungeon |   8399 |   7947 |    452 |    875 |   5319 |  10 |  839.9 |
          Lair |   1381 |   1309 |     72 |    493 |    642 |   2 |  690.5 |
               +--------+--------+--------+--------+--------+-----+--------+

Top non-repeatable levels by time:
  Lair:1: 1361 daAuts
     D:7: 1305 daAuts
     D:4: 970 daAuts
     D:3: 915 daAuts
     D:5: 914 daAuts
     D:9: 883 daAuts
     D:6: 855 daAuts
     D:1: 745 daAuts
     D:8: 734 daAuts
    D:10: 620 daAuts
     D:2: 455 daAuts
  Lair:2: 20 daAuts
